 Dungeon Crawl Stone Soup version 0.28-a0-1184-g53156a8862 (webtiles) character file.

Game seed: 16690042076804221360

2024 Fractals the Skirmisher (level 9, -1/71 HPs)
             Began as a Demonspawn Brigand on Dec 18, 2021.
             Was an Initiate of Gozag.
             Slain by a yak (6 damage)
             ... on level 5 of the Dungeon.
             The game lasted 00:18:43 (7316 turns).

Fractals the Skirmisher (Demonspawn Brigand)        Turns: 7316, Time: 00:18:43

Health: -1/71      AC: 12    Str: 16    XL:     9   Next: 3%
Magic:  9/9        EV: 12    Int: 13    God:    Gozag
Gold:   694        SH:  5    Dex: 14    Spells: 8/8 levels left

rFire   + . .      SeeInvis .   m - +3 dagger (speed)
rCold   . . .      Faith    .   a - +0 buckler
rNeg    . . .      Spirit   .   g - +2 chain mail {rF+}
rPois   .          Reflect  .   (helmet restricted)
rElec   .          Harm     .   c - +0 cloak
rCorr   .          Rampage  .   (no gloves)
Will    .....                   (no boots)
Stlth   ..........              (no amulet)
HPRegen 0.21/turn               o - +4 ring of evasion
MPRegen 0.11/turn               (no ring)

@: mighty, gold aura
A: horns 2, powered by pain 1
a: Renounce Religion, Potion Petition, Call Merchant, Bribe Branch


You were on level 5 of the Dungeon.
You worshipped Gozag.
Gozag was pleased with you.
You visited 2 branches of the dungeon, and saw 7 of its levels.

You collected 760 gold pieces.
You paid 66 gold pieces to Gozag.

Inventory:

Hand Weapons
 m - a +3 dagger of speed (weapon)
 x - a +0 vorpal falchion
 z - a +1 vampiric hand axe
Missiles
 b - 162 stones
 d - 39 poisoned darts (quivered)
 e - 2 curare-tipped darts
 B - 2 atropa-tipped darts
Armour
 a - a +0 buckler (worn)
 c - a +0 cloak (worn)
 g - a +2 chain mail of fire resistance (worn)
Jewellery
 o - a +4 ring of evasion (left hand)
Wands
 i - a wand of polymorph (7)
Scrolls
 f - a scroll of acquirement {unknown}
 j - a scroll of amnesia {unknown}
 k - a scroll of enchant armour {unknown}
 l - 2 scrolls of fog
 n - a scroll of immolation {unknown}
 q - a scroll of summoning {unknown}
 t - a scroll of enchant weapon {unknown}
 v - a scroll of brand weapon {unknown}
 w - a scroll of blinking {unknown}
 y - a scroll of teleportation {unknown}
 A - 2 scrolls of fear
Potions
 h - a potion of brilliance {unknown}
 p - 2 potions of curing
 s - a potion of flight
 u - 2 potions of lignification


   Skills:
 + Level 6.9 Fighting
 - Level 3.0 Short Blades
 - Level 3.0 Throwing
 - Level 3.5 Armour
 - Level 4.5 Dodging
 - Level 5.5 Stealth
 - Level 4.0 Shields


You had 8 spell levels left.
You didn't know any spells.
Your spell library contained the following spells:

 Spells                   Type           Power      Damage    Failure   Level
 Animate Skeleton         Necr           0%         N/A       99%         1
 Apportation              Tloc           0%         N/A       99%         1
 Summon Small Mammal      Summ           0%         N/A       99%         1
 Tukima's Dance           Hex            0%         N/A       100%        3
 Passage of Golubria      Tloc           0%         N/A       100%        4
 Yara's Violent Unravell  Hex/Tmut       0%         3d3       100%        5


Dungeon Overview and Level Annotations

Branches:
Dungeon (6/15)             Temple (1/1) D:4

Altars:
Ashenzari
Cheibriados
Elyvilon
Fedhas
Gozag
Hepliaklqana
Nemelex Xobeh
Ru
Sif Muna
Trog
Uskayaw
Wu Jian
Xom
The Shining One

Shops:
D:1 *   D:2 *   D:4 *   D:6 *

Annotations:
D:5 2 transporters


Innate Abilities, Weirdness & Mutations

You have a pair of horns on your head.
You sometimes gain a little power by taking damage.


Message History

You hit the yak. You headbutt the yak!
The yak is almost dead.
The yak gores you.
* * * LOW HITPOINT WARNING * * *
You puncture the yak!
You kill the yak!
The yak barely misses you.
Training target 4.5 for Dodging reached!
You have reached level 9!
Your experience leads to an increase in your attributes!
Increase (S)trength, (I)ntelligence, or (D)exterity?
You feel stronger. x2; Your demonic ancestry asserts itself...
The horns on your head grow some more.
You hit the yak.
The yak is lightly wounded.
You hit the yak. You headbutt the yak.
The yak is moderately wounded.
The yak closely misses you.
You hit the yak.
The yak is moderately wounded.
The yak closely misses you.
You completely miss the yak.
The yak is moderately wounded.
You barely miss the yak. You headbutt the yak.
The yak is heavily wounded.
The yak gores you!
* * * LOW HITPOINT WARNING * * *
Your chain mail prevents you from hitting the yak.
The yak is heavily wounded.
You closely miss the yak.
The yak is heavily wounded.
The yak is distracted by your dazzling golden aura.
You puncture the yak!
The yak is no longer distracted by gold.
The yak is severely wounded.
You hit the yak.
The yak is almost dead.
The yak gores you.
You die...
Your body crumbles into a pile of gold.

# #..##..###..........#........
######.###..#....#...............
.......#.........##..............
....#............##...........##.
...###............#............#.
...###......>.....#..#...........
...#.....##....##....#........#..
#.##.......##..##...##..##..####.
####.......#...$@.........#.# #.
##<##.......Y#..##....#### ##
#####...#...######.### #...#...#
### ##......# ##.##### #.# ###


You could see a yak.

Vanquished Creatures
  3 yaks (D:5)
  An acid dragon (D:5)
  A black bear (D:6)
  A sky beast (D:5)
  A necrophage (D:5)
  An ogre (D:5)
  2 scorpions (D:5)
  A crimson imp (D:4)
  2 bullfrog zombies
  2 centaur zombies (D:5)
  4 orc priests (D:3)
  3 hounds
  A bullfrog skeleton (D:6)
  2 scorpion zombies (D:5)
  Terence (D:3)
  3 iguanas
  Natasha (thrice) (D:4)
  4 orc wizards (D:3)
  A killer bee zombie (D:5)
  2 hound skeletons
  Robin (D:2)
  A gnoll (D:1)
  10 adders
  An ufetubus (D:5)
  An adder skeleton (D:4)
  An adder zombie (D:5)
  A worm (Temple)
  2 dart slugs
  11 orcs
  5 bats
  6 endoplasms
  8 giant cockroaches
  17 goblins
  8 hobgoblins
  4 quokkas
  5 ball pythons
  4 frilled lizards
  4 hobgoblin zombies (D:4)
  8 kobolds
  4 kobold skeletons (D:4)
  A kobold zombie (D:4)
  3 orc zombies (D:4)
  6 rats
151 creatures vanquished.

Notes
Turn   | Place    | Note
-------+----------+-------------------------------------------
     0 | D:1      | Fractals the Demonspawn Brigand began the quest for the
                  | Orb.
     0 | D:1      | Reached XP level 1. HP: 16/16 MP: 1/1
   106 | D:1      | Found a faded altar of an unknown god.
   231 | D:1      | Gained mutation: You have a pair of small horns on your
                  | head. [demonic ancestry]
   231 | D:1      | Reached XP level 2. HP: 22/22 MP: 2/2
   485 | D:1      | Gained mutation: You sometimes gain a little power by
                  | taking damage. [demonic ancestry]
   485 | D:1      | Reached XP level 3. HP: 27/27 MP: 3/3
   565 | D:1      | Found Coashra's General Store.
  1101 | D:2      | Found Ociawas's General Store.
  1123 | D:2      | Reached skill level 1 in Armour
  1563 | D:2      | Reached XP level 4. HP: 32/34 MP: 4/4
  2050 | D:2      | Reached skill level 3 in Fighting
  2254 | D:3      | Noticed Robin
  2369 | D:2      | Killed Robin
  2814 | D:3      | Reached skill level 1 in Dodging
  2819 | D:3      | Reached XP level 5. HP: 26/42 MP: 5/5
  3069 | D:3      | Reached skill level 4 in Fighting
  3081 | D:3      | Reached XP level 6. HP: 6/49 MP: 6/6
  3410 | D:3      | Reached skill level 5 in Fighting
  3626 | D:3      | Noticed Terence
  3639 | D:3      | Killed Terence
  4203 | D:4      | Found a staircase to the Ecumenical Temple.
  4210 | D:4      | Noticed Eustachio
  4214 | Temple   | Entered the Ecumenical Temple
  4229 | Temple   | Noticed Eustachio
  4229 | Temple   | Eustachio changed into Eustachio the worm
  4234 | Temple   | Killed Eustachio the worm
  4393 | Temple   | Became a worshipper of Gozag Ym Sagoz the Greedy
  4681 | D:4      | Found Joolor's General Store.
  4684 | D:4      | Reached skill level 5 in Stealth
  4785 | D:4      | Noticed Natasha
  4792 | D:4      | Killed Natasha
  5080 | D:4      | Noticed Natasha
  5093 | D:4      | Killed Natasha
  5135 | D:4      | Reached XP level 7. HP: 57/57 MP: 7/7
  5305 | D:4      | Noticed Natasha
  5317 | D:4      | Killed Natasha
  5357 | D:5      | Entered Level 5 of the Dungeon
  5369 | D:5      | Reached skill level 6 in Fighting
  5827 | D:5      | Found a bloodstained altar of Trog.
  5836 | D:5      | Found a transporter.
  5839 | D:5      | Noticed a shadow
  5841 | D:5      | Found a transporter.
  5841 | D:5      | Found a sparkling altar of Nemelex Xobeh.
  6038 | D:5      | Reached skill level 1 in Shields
  6190 | D:5      | Reached XP level 8. HP: 39/64 MP: 8/8
  6900 | D:5      | Found a shimmering blue altar of Sif Muna.
  7061 | D:6      | Found a shimmering altar of Xom.
  7267 | D:6      | Found Kiexka's CLEARANCE SALE!.
  7308 | D:5      | Gained mutation: You have a pair of horns on your head.
                  | [demonic ancestry]
  7308 | D:5      | Reached XP level 9. HP: 16/71 MP: 9/9
  7316 | D:5      | Slain by a yak

Illustrated notes

Levels and vault maps discovered:
D:1:      dpeg_chamrin_arrival_tetris, layout_basic,
          ebering_ecumenical_altar_rust, serial_shops, nicolae_square_shop,
          columned_hall_lemuel
D:2:      layout_basic, serial_shops, nicolae_shop_hallway_plus
D:3:      kennysheep_six_static_rooms, layout_loops_ring, uniq_robin,
          uniq_terence
D:4:      layout_gridville, nicolae_tso_besieged_by_evil,
          minmay_temple_entry_sparse_star, serial_shops,
          nicolae_shop_waterfront, nicolae_figureground_sparkle, uniq_natasha,
          uniq_eustachio
D:5:      cheibrodos_barr_body, layout_cave_pools,
          nicolae_sif_muna_little_library, kennysheep_little_box,
          gammafunk_temple_overflow_arena
D:6:      layout_cave_pools, mainiacjoe_overflow_tiny_flanked,
          mainiacjoe_overflow_swirl, nicolae_vehumet_radiance,
          mainiacjoe_overflow_catwalk, gammafunk_ghost_hive,
          nicolae_shop_clearance
Temple:   kb_temple_of_zot

Skill      XL: |  1  2  3  4  5  6  7  8 |
---------------+-------------------------+-----
Stealth        | 4 5 |  5.5
Armour         | 1 2 3 |  3.5
Fighting       | 3 4 5 6 |  6.9
Dodging        | 1 2 4 |  4.5
Throwing       | 3 |  3.0
Shields        | 2 4 |  4.0
Short Blades   | 3 |  3.0

Action                   |  1- 3 |  4- 6 |  7- 9 || total
-------------------------+-------+-------+-------++-------
Melee: Dagger            |    92 |   281 |   368 ||   741
       Headbutt          |    15 |    47 |    86 ||   148
       Unarmed           |       |     3 |       ||     3
Throw: Dart              |     1 |    28 |     8 ||    37
Evoke: Wand              |       |     2 |       ||     2
  Use: Potion            |       |     3 |     4 ||     7
       Scroll            |       |     3 |     4 ||     7
 Stab: Sleeping          |     4 |       |       ||     4
       Distracted        |       |       |     1 ||     1
Armor: Ring mail         |    12 |       |       ||    12
       Robe              |     1 |       |       ||     1
       Chain mail        |    43 |   143 |   116 ||   302
Dodge: Dodged            |    32 |    87 |   118 ||   237
Block: Buckler           |       |       |    36 ||    36

Table legend: (Time is in decaauts)
 A = Elapsed time spent in this place.
 B = Non-inter-level travel time spent in this place.
 C = Inter-level travel time spent in this place.
 D = Time resting spent in this place.
 E = Time spent auto-exploring this place.
 F = Levels seen in this place.
 G = Mean time per level.
                   A        B        C        D        E       F      G
               +--------+--------+--------+--------+--------+-----+--------+
         Total |   7089 |   6957 |    132 |   2428 |   2742 |   7 | 1012.7 |
       Dungeon |   6874 |   6751 |    123 |   2330 |   2669 |   6 | 1145.7 |
        Temple |    215 |    206 |      9 |     98 |     73 |   1 |  215.0 |
               +--------+--------+--------+--------+--------+-----+--------+

Top non-repeatable levels by time:
     D:2: 1672 daAuts
     D:5: 1592 daAuts
     D:3: 1498 daAuts
     D:4: 956 daAuts
     D:1: 949 daAuts
  Temple: 215 daAuts
     D:6: 204 daAuts
